AoeStats
← mark.schmidt

Arena

508933209Analyzed
3v3 RM · 8d ago on Sep 24, 2026· 93m 37s· 6 players
Game mode
Random Map
Map size
Normal (6 player)
Population
200
Speed
Normal
Resources
Standard
Victory
Conquest
Starting age
Dark Age
Ending age
Imperial Age
RankedLock teamsTeams togetherTeam positionsShared explorationLock speedFull tech treeHidden civsTurbo modeCheats
Victory
Defeat
🇩🇪 Saxons · Germany
879
+18
🇩🇪 Varangians · Germany
802
+21
🇩🇪 Danes · Germany
713
+23
🇩🇪 Britons · Germany
922
-21
🇩🇪 Turks · Germany
917
-21
877
-20
drip_trpz #Grandma Peek
10:50 Feudal Age
18:15 Castle Age
17:38 Double-Bit Axe
17:36 Horse Collar
26:01 Thumb Ring
27:06 Elite Skirmisher
28:43 Fletching
28:53 Padded Archer Armor
33:08 Husbandry
36:24 Corvinian Army
41:17 Crossbowman
KaiZen
5:36 Loom
12:02 Feudal Age
16:20 Castle Age
14:38 Double-Bit Axe
15:52 Horse Collar
16:39 Gold Mining
18:55 Bow Saw
23:17 Imperial Age
21:54 Bow Saw
23:30 Fletching
40:15 Padded Archer Armor
43:21 Two-Man Saw
43:42 Gold Shaft Mining
46:38 Leather Archer Armor
47:32 Bodkin Arrow
49:31 Ring Archer Armor
50:41 Wheelbarrow
52:09 Scale Barding Armor
52:14 Forging
52:55 Bracer
54:02 Chain Barding Armor
55:30 Hand Cart
59:34 Conscription
60:53 Plate Barding Armor
61:12 Heavy Plow
61:38 Ballistics
62:35 Iron Casting
63:05 Town Watch
65:30 Blast Furnace
67:54 Bloodlines
78:24 Heated Shot
79:52 Masonry
86:33 Town Patrol
86:54 Caravan
89:22 Architecture
92:20 Hoardings
mark.schmidt
4:57 Loom
10:41 Feudal Age
12:28 Double-Bit Axe
15:16 Castle Age
20:20 Bow Saw
20:18 Horse Collar
21:40 Padded Archer Armor
22:40 Fletching
23:36 Gold Mining
25:09 Bodkin Arrow
26:04 Ballistics
27:08 Town Watch
28:10 Wheelbarrow
28:05 Heavy Plow
28:34 Leather Archer Armor
30:21 Hand Cart
30:01 Stone Mining
30:46 Gold Shaft Mining
31:48 Town Patrol
32:01 Murder Holes
35:04 Yeomen
37:56 Imperial Age
39:05 Conscription
38:47 Warwolf
41:18 Chemistry
41:29 Ring Archer Armor
40:59 Bracer
41:00 Scale Mail Armor
41:10 Forging
41:33 Pikeman
42:13 Squires
43:44 Arson
45:22 Halberdier
47:27 Elite Longbowman
48:45 Chain Mail Armor
49:05 Iron Casting
48:08 Elite Longbowman
57:17 Husbandry
56:38 Light Cavalry
59:19 Scale Barding Armor
59:14 Cavalier
68:09 Cavalier
71:57 Chain Barding Armor
72:38 Blast Furnace
71:56 Caravan
72:27 Coinage
72:07 Guilds
77:50 Banking
83:22 Plate Barding Armor
83:17 Plate Mail Armor
Schweindals | LordN00bius
10:30 Feudal Age
11:01 Double-Bit Axe
15:11 Castle Age
14:00 Stone Mining
15:54 Loom
16:29 Bow Saw
16:48 Horse Collar
22:19 Fletching
23:06 Scale Mail Armor
26:41 Wheelbarrow
27:47 Hand Cart
33:28 Bodkin Arrow
33:32 Clerical Recruitment
36:46 Ballistics
36:37 Masonry
36:23 Murder Holes
37:32 Redemption
38:42 Heavy Plow
42:18 Imperial Age
43:08 Sanctity
43:15 Bloodlines
42:26 Light Cavalry
43:15 Scale Barding Armor
43:21 Forging
44:24 Heavy Mounted Crossbowman
47:14 Chain Barding Armor
47:30 Iron Casting
48:59 Hussar
52:13 Cranequins
62:26 Bracer
65:33 Two-Man Saw
65:04 Crop Rotation
64:55 Gold Mining
64:49 Cavalier
67:57 Block Printing
68:09 Chain Mail Armor
67:55 Padded Archer Armor
68:34 Illumination
68:56 Hoardings
70:27 Husbandry
71:19 Theocracy
71:10 Elite Skirmisher
73:33 Architecture
82:13 Siege Engineers
83:44 Conscription
90:13 Elite Varangian Guard
90:40 Arson
Phil
12:34 Feudal Age
11:14 Loom
14:26 Town Watch
15:10 Double-Bit Axe
17:51 Castle Age
15:44 Fletching
17:44 Wheelbarrow
18:23 Wheelbarrow
18:33 Scale Barding Armor
19:24 Bow Saw
20:08 Horse Collar
23:13 Heavy Plow
23:14 Bodkin Arrow
27:01 Chain Barding Armor
28:44 Vendel Legacy
29:29 Husbandry
33:23 Hand Cart
33:54 Town Patrol
36:45 Imperial Age
37:48 Conscription
40:54 Cavalier
42:39 Conscription
42:07 Light Cavalry
43:02 Bloodlines
43:51 Padded Archer Armor
43:52 Scale Mail Armor
43:53 Bracer
44:41 Plate Barding Armor
44:06 Bracer
52:56 Elite Jarl
57:46 Conscription
84:57 Two-Man Saw
84:01 Padded Archer Armor
Woischlauch
5:22 Loom
12:15 Feudal Age
12:45 Double-Bit Axe
12:42 Horse Collar
19:43 Castle Age
17:37 Stone Mining
18:12 Bloodlines
18:34 Gold Mining
18:57 Forging
19:14 Arson
19:34 Scale Mail Armor
20:46 Heavy Plow
20:54 Squires
23:40 Bow Saw
28:03 Wheelbarrow
29:35 Town Watch
30:39 Ballistics
30:15 Murder Holes
34:31 Imperial Age
34:24 Chain Mail Armor
36:02 Hand Cart
36:44 Hoardings
36:37 Siege Engineers
36:01 Elite Varangian Guard
37:08 Conscription
37:54 Northmen's Fury
41:31 Hamask
46:20 Elite Skirmisher
48:06 Plate Mail Armor
48:12 Iron Casting
47:54 Fletching
50:10 Padded Archer Armor
52:18 Leather Archer Armor
56:08 Onager
66:26 Siege Onager
69:20 Bodkin Arrow
78:11 Pikeman
80:29 Halberdier
83:56 Ring Archer Armor
84:27 Blast Furnace
84:20 Caravan
86:55 Bracer
Connection lost

Rejoining the realm…

Still unreachable

The connection could not be restored.

Session expired

The server has moved on; the page needs a fresh start.